 Dungeon Crawl Stone Soup version 0.26-a0-649-gf8c6c3aab7 (webtiles) character file.

Game seed: 11014929194943407261

448 jasper the Chopper (level 7, -3/61 HPs)
             Began as a Hill Orc Chaos Knight on Sept 26, 2020.
             Was a Plaything of Xom.
             Slain by a sky beast (5 damage)
             ... on level 5 of the Dungeon.
             The game lasted 00:05:44 (4249 turns).

jasper the Chopper (Hill Orc Chaos Knight)          Turns: 4249, Time: 00:05:44

Health: -3/61      AC:  6    Str: 15    XL:     7   Next: 4%
Magic:  7/7        EV: 12    Int: 12    God:    Xom [.*....]
Gold:   115        SH:  0    Dex: 10    Spells: 6/6 levels left

rFire    . . .     SeeInvis .   a - +0 battleaxe
rCold    . . .     Faith    .   (shield currently unavailable)
rNeg     . . .     Spirit   .   e - +2 leather armour
rPois    .         Reflect  .   (helmet restricted)
rElec    .         Harm     .   (no cloak)
rCorr    .         Rampage  .   c - +0 pair of gloves
MR       .....                  (no boots)
Stlth    +.........             (no amulet)
HPRegen  0.20/turn              (no ring)
MPRegen  0.10/turn              (no ring)

@: hasted, very quick
A: horns 1, talons 1, weak 1
a: Renounce Religion


You were on level 5 of the Dungeon.
You worshipped Xom.
You were a plaything of Xom.
You visited 1 branch of the dungeon, and saw 5 of its levels.

You collected 115 gold pieces.

Inventory:

Hand Weapons
 a - a +0 battleaxe (weapon)
 b - a +0 hunting sling
 m - a +0 hand axe of chaos
Missiles
 f - 157 stones (quivered)
Armour
 c - a +0 pair of gloves (worn)
 e - a +2 leather armour (worn)
 j - a +0 ring mail
Scrolls
 g - 7 scrolls of identify {unknown}
 i - a scroll of teleportation {unknown}
 k - a scroll of noise {unknown}
 l - a scroll of magic mapping {unknown}


   Skills:
 + Level 5.0 Fighting
 * Level 6.7 Axes
 + Level 2.2 Slings
 - Level 3.7 Armour
 + Level 2.3 Dodging


You had 6 spell levels left.
You didn't know any spells.
Your spell library was empty.

Dungeon Overview and Level Annotations

Branches:
Dungeon (5/15)
 Temple: D:4-7

Altars:
Elyvilon
Gozag
Hepliaklqana
Wu Jian

Annotations:
D:4 Edmund


Innate Abilities, Weirdness & Mutations

You have a pair of small horns on your head.
You have sharp toenails.
You are weak. (Str -2)


Message History

You slash the sky beast! Your kick misses the sky beast.
The sky beast is severely wounded.
The sky beast hits you.
* * * LOW HITPOINT WARNING * * *
The sky beast shocks you.
* * * LOW HITPOINT WARNING * * *
You barely miss the sky beast. Your kick misses the sky beast.
The sky beast is severely wounded.
The sky beast hits you but does no damage.
Unknown command.
You closely miss the sky beast.
You claw the sky beast, but do no damage.
The sky beast is severely wounded.
The sky beast hits you but does no damage.
You closely miss the sky beast.
The sky beast is severely wounded.
The sky beast hits you.
* * * LOW HITPOINT WARNING * * *
The sky beast shocks you.
You die...

#<.......
#.####..[ #.#
#.# #Y# #.#
#.###########
#.#.Y..........
#....@.#####...
#...##.#
....#.##.#
#.#.#.##.#
#.#.#.##.# # #
#.##.. .. ...
...


You could see a sky beast.

Vanquished Creatures
  Purgy (D:3)
  A scorpion (D:4)
  2 orc priests (D:3)
  Natasha (thrice) (D:2)
  3 adders
  3 gnolls (D:3)
  2 oozes
  2 worms
  A dart slug (D:2)
  2 leopard geckos
  9 orcs (D:3)
  9 bats
  A giant cockroach (D:1)
  5 goblins
  9 hobgoblins
  10 jackals
  4 kobolds
  2 quokkas
  2 ball pythons
  5 frilled lizards
  4 rats
80 creatures vanquished.

Vanquished Creatures (collateral kills)
  A worm (D:2)
  A kobold (D:2)
2 creatures vanquished.

Grand Total: 82 creatures vanquished

Notes
Turn   | Place    | Note
-------+----------+-------------------------------------------
     0 | D:1      | jasper the Hill Orc Chaos Knight began the quest for the
                  | Orb.
     0 | D:1      | Reached XP level 1. HP: 19/19 MP: 1/1
    25 | D:1      | XOM: divination: detect creatures
   195 | D:1      | Reached skill level 1 in Dodging
   195 | D:1      | Reached XP level 2. HP: 26/27 MP: 2/2
   809 | D:1      | XOM: silly message
  1023 | D:2      | Noticed Natasha
  1036 | D:2      | XOM: silly message
  1037 | D:2      | Killed Natasha
  1037 | D:2      | Reached XP level 3. HP: 17/33 MP: 3/3
  1339 | D:2      | XOM: cloud trail
  1410 | D:2      | Reached XP level 4. HP: 40/40 MP: 4/4
  1615 | D:2      | Reached skill level 1 in Slings
  1619 | D:2      | XOM: cast spell 'Summon Mana Viper'
  1622 | D:2      | Reached skill level 5 in Axes
  1630 | D:2      | XOM: silly message
  1682 | D:2      | XOM: god gift: battleaxe {god gift}
  1750 | D:2      | XOM: noise
  1826 | D:2      | Noticed Natasha
  1826 | D:2      | XOM: potion effect (invisibility)
  1838 | D:2      | Killed Natasha
  2273 | D:2      | Reached XP level 5. HP: 46/46 MP: 5/5
  2398 | D:2      | Noticed Natasha
  2406 | D:2      | Killed Natasha
  2652 | D:3      | Noticed Purgy
  2675 | D:3      | XOM: silly message
  2693 | D:3      | Killed Purgy
  2693 | D:3      | Reached skill level 6 in Axes
  2693 | D:3      | Reached XP level 6. HP: 29/53 MP: 6/6
  2875 | D:3      | Found a white marble altar of Elyvilon.
  3653 | D:3      | XOM: 1-stop teleportation journey
  3728 | D:3      | Found a hazy altar of Hepliaklqana.
  3731 | D:3      | Found an opulent altar of Gozag.
  3734 | D:3      | Found an ornate altar of the Wu Jian Council.
  4143 | D:4      | Reached skill level 5 in Fighting
  4143 | D:4      | Reached XP level 7. HP: 61/61 MP: 7/7
  4169 | D:4      | Noticed Edmund
  4170 | D:4      | Gained mutation: You are weak. (Str -2) [potion of
                  | mutation]
  4170 | D:4      | Gained mutation: You have sharp toenails. [potion of
                  | mutation]
  4170 | D:4      | Gained mutation: You have a pair of small horns on your
                  | head. [potion of mutation]
  4215 | D:5      | Entered Level 5 of the Dungeon
  4246 | D:5      | HP: 3/61 [sky beast (5)]
  4249 | D:5      | Slain by a sky beast

Illustrated notes

Levels and vault maps discovered:
D:1:      minmay_arrival_split_and_join, layout_basic, hex_tiny
D:2:      layout_basic, uniq_natasha
D:3:      layout_loops_ring, old_standard_altar, grunt_temple_overflow_diamond,
          uniq_purgy
D:4:      layout_cave_pods, uniq_edmund
D:5:      layout_basic, grunt_temple_overflow_bloody_war, lemuel_crystal_altar,
          minmay_temple_entry_mist, gammafunk_ghost_stat_death, uniq_menkaure

Skill      XL: |  1  2  3  4  5  6 |
---------------+-------------------+-----
Dodging        | 1 2 |  2.3
Fighting       | 4 5 |  5.0
Slings         | 1 2 |  2.2
Axes           | 5 6 |  6.7
Armour         | 3 |  3.7

Action                   |  1- 3 |  4- 6 |  7- 9 || total
-------------------------+-------+-------+-------++-------
Melee: Hand axe          |    75 |    25 |       ||   100
       Battleaxe         |       |    98 |    23 ||   121
       Kick              |       |       |     5 ||     5
       Headbutt          |       |       |     1 ||     1
 Fire: Hunting sling     |     6 |    81 |     3 ||    90
  Use: Potion            |       |     3 |     5 ||     8
       Scroll            |       |       |     1 ||     1
 Stab: Paralysed         |     1 |       |       ||     1
Armor: Leather armour    |    26 |    67 |    14 ||   107
Dodge: Dodged            |    43 |    99 |     5 ||   147

Table legend: (Time is in decaauts)
 A = Elapsed time spent in this place.
 B = Non-inter-level travel time spent in this place.
 C = Inter-level travel time spent in this place.
 D = Time resting spent in this place.
 E = Time spent auto-exploring this place.
 F = Levels seen in this place.
 G = Mean time per level.
                   A        B        C        D        E       F      G
               +--------+--------+--------+--------+--------+-----+--------+
         Total |   4301 |   4184 |    117 |    453 |   3009 |   5 |  860.2 |
       Dungeon |   4301 |   4184 |    117 |    453 |   3009 |   5 |  860.2 |
               +--------+--------+--------+--------+--------+-----+--------+

Top non-repeatable levels by time:
     D:2: 1576 daAuts
     D:3: 1296 daAuts
     D:1: 997 daAuts
     D:4: 398 daAuts
     D:5: 31 daAuts
